Map: Acid Plant LE

Players

Snute - Winner!

  • Race: Zerg Zerg
  • Spawn Location: 5:00

McMonroe

  • Race: Zerg Zerg
  • Spawn Location: 11:00

Event: WCS Austin 2018

VOD

Have the link to the VOD?

Description

Time

  • Played on: June 1, 2018, 2:29 p.m.
  • Length: 7:16

All games in this series

Show
View Real Time Build Order
Export as new Build Order

Snute Zerg - Winner!

Build Orders: Hatch First 

Get SALT Encoding   

  12  0:00  Drone  
  13  0:12  Overlord  
  13  0:16  Drone  
  14  0:30  Drone x2  
  14  0:34  Drone  
  17  0:51  Hatchery  
  17  0:54  Drone  
  17  0:57  Drone  
  17  0:59  Extractor  
  17  1:12  Spawning Pool  
  17  1:16  Drone  
  17  1:19  Drone  
  18  1:28  Drone  
  19  1:38  Overlord  
  19  1:49  Drone  
  20  1:59  Queen  
  20  2:00  Metabolic Boost  
  22  2:03  Queen  
  22  2:04  Drone  
  22  2:08  Drone  
  26  2:11  Drone  
  26  2:14  Drone  
  28  2:32  Zergling x2  
  28  2:34  Hatchery, Zergling x2  
  29  2:38  Zergling x4  
  31  2:47  Overlord  
  31  2:49  Drone  
  32  2:54  Baneling Nest  
  32  2:55  Drone  
  32  3:01  Drone  
  32  3:05  Drone  
  34  3:07  Drone  
  34  3:08  Drone x2  
  34  3:09  Drone  
  34  3:12  Zergling x4  
  40  3:16  Overlord  
  40  3:19  Zergling x2  
  41  3:21  Zergling x2  
  42  3:30  Zergling x2  
  42  3:34  Drone  
  42  3:39  Drone x3  
  42  3:40  Baneling x3  
  46  3:44  Zergling x2  
  46  3:45  Zergling x6  
  50  3:49  Baneling  
  50  3:51  Queen  
  50  3:55  Overlord  
  52  3:59  Zergling x6  
  54  4:07  Zergling x2  
  54  4:08  Zergling x2  
  54  4:12  Zergling x6  
  56  4:17  Zergling x2  
  56  4:18  Zergling x8  
  56  4:20  Zergling x2  
  56  4:23  Zergling x2  
  59  4:25  Drone  
  59  4:27  Extractor  
  59  4:30  Zergling x4  
  61  4:35  Zergling x2  
  62  4:40  Drone x2  
  62  4:41  Roach Warren  
  61  4:48  Baneling x2  
  61  4:49  Baneling  
  61  4:51  Drone x2  
  61  4:54  Overlord  
  60  5:11  Overlord x3  
  59  5:17  Baneling x2  
  54  5:22  Roach x8  
  54  5:28  Zergling x4  
  62  5:30  Zergling x2  
  62  5:33  Zergling x2  
  62  5:35  Zergling x2  
  59  5:43  Roach x2  
  59  5:46  Roach  
  65  5:53  Zergling x10  
  72  5:57  Roach  
  72  6:04  Roach x2  
  72  6:11  Zergling x8  
  80  6:23  Zergling x12  
  86  6:34  Zergling x2  
  86  6:35  Zergling x8  
  86  6:36  Zergling x2  
  92  6:47  Baneling x3  
  92  6:48  Baneling  
  92  6:53  Zergling x12  
  90  6:57  Overlord  
  80  7:10  Ravager  
  80  7:11  Ravager  
Show
View Real Time Build Order
Export as new Build Order

McMonroe Zerg 

Build Orders: Hatch First, Zergling Baneling 

Get SALT Encoding   

  12  0:02  Drone  
  13  0:12  Overlord  
  13  0:17  Drone  
  14  0:30  Drone x2  
  14  0:35  Drone  
  17  0:51  Hatchery  
  17  0:54  Drone  
  17  0:57  Drone  
  17  1:00  Extractor  
  17  1:12  Spawning Pool  
  17  1:16  Drone  
  17  1:19  Drone  
  18  1:28  Drone  
  19  1:39  Drone  
  20  1:49  Overlord  
  20  1:59  Queen  
  20  2:01  Metabolic Boost  
  22  2:03  Queen  
  22  2:04  Zergling x2  
  22  2:06  Zergling x2  
  26  2:11  Drone  
  26  2:14  Drone  
  28  2:24  Drone x2  
  30  2:35  Hatchery  
  29  2:37  Drone  
  29  2:42  Drone  
  31  2:46  Drone x2  
  31  2:49  Baneling Nest  
  32  2:54  Overlord  
  32  2:57  Zergling x2  
  33  3:05  Zergling x2  
  34  3:10  Drone  
  34  3:11  Drone  
  36  3:14  Overlord  
  36  3:15  Zergling x4  
  36  3:16  Zergling x2  
  36  3:18  Drone  
  40  3:23  Drone  
  40  3:26  Drone  
  40  3:35  Baneling  
  40  3:36  Baneling  
  40  3:38  Baneling  
  40  3:41  Drone x5  
  42  3:44  Zergling x6  
  48  3:50  Zergling x6  
  48  3:54  Queen  
  53  4:04  Baneling  
  52  4:10  Zergling x8  
  50  4:20  Zergling x4  
  50  4:21  Zergling x6  
  52  4:24  Zergling x8  
  52  4:28  Evolution Chamber  
  54  4:31  Baneling x2  
  54  4:36  Drone x3  
  55  4:40  Baneling x4  
  55  4:44  Queen  
  55  4:45  Overlord, Queen  
  57  4:46  Overlord  
  57  4:52  Extractor  
  56  4:58  Zergling x2  
  56  4:59  Overlord x2  
  57  5:04  Zerg Missile Weapons Level 1  
  53  5:09  Zergling x12  
  53  5:13  Zergling x6  
  61  5:17  Baneling  
  61  5:20  Zergling x4  
  50  5:31  Zergling x2  
  43  5:38  Drone x7  
  43  5:42  Baneling x2  
  50  5:43  Zergling x2  
  50  5:48  Roach Warren  
  50  5:50  Drone x2  
  50  5:55  Drone  
  53  5:57  Drone x3  
  56  6:05  Zergling x4  
  57  6:12  Zergling x10  
  62  6:22  Zergling x10  
  64  6:30  Roach x4  
  67  6:34  Baneling x3  
  67  6:35  Baneling  
  67  6:39  Roach x2  
  74  6:40  Roach x2  
  74  6:41  Zergling x2  
  74  6:53  Roach x3  
  76  6:55  Roach  
Tags
 
Add a new tag
Caveats
  • Supply blocks, unpowered buildings, or Contaminate may cause inaccurate times.
  • Supply counts are checked every 10 seconds.